 Dungeon Crawl Stone Soup version 0.31-a0-971-g75a2e9a4b4 (webtiles) character file.

Game seed: 7811836286715133860

232 zenocrate the Chopper (level 6, -1/57 HPs)
             Began as a Hill Orc Fighter on Oct 28, 2023.
             Slain by a black bear (4 damage)
             ... on level 4 of the Dungeon.
             The game lasted 00:02:27 (2603 turns).

zenocrate the Chopper (Hill Orc Fighter)            Turns: 2603, Time: 00:02:28

Health: -1/57      AC: 11    Str: 21    XL:     6   Next: 4%
Magic:  6/6        EV:  7    Int:  8    God:
Gold:   210        SH:  4    Dex: 10    Spells: 5/5 levels left

rFire   . . .        a - +0 war axe
rCold   . . .        c - +0 buckler
rNeg    . . .        t - +0 chain mail
rPois   .            x - +0 helmet
rElec   .            (no cloak)
rCorr   .            s - +0 pair of gloves
SInv    .            (no boots)
Will    .....        (no amulet) Stlth
                     (no ring)
HPRegen 0.29/turn    (no ring)
MPRegen 0.10/turn

%: no passive effects
@: no status effects
A: no striking features
a: no special abilities


You were on level 4 of the Dungeon.
You visited 1 branch of the dungeon, and saw 4 of its levels.

You collected 210 gold pieces.

Inventory:

Hand Weapons
 a - a +0 war axe (weapon)
 b - a +0 morningstar
Missiles
 q - 3 darts of dispersal (quivered)
Armour
 c - a +0 buckler (worn)
 s - a +0 pair of gloves (worn)
 t - a +0 chain mail (worn)
 w - a +0 scale mail
 x - a +0 helmet (worn)
Jewellery
 y - a ring of protection from cold
Scrolls
 f - a scroll of fear {unknown}
 g - 2 scrolls of enchant weapon {unknown}
 j - 2 scrolls of teleportation {unknown}
 k - a scroll of blinking {unknown}
 m - a scroll of immolation {unknown}
 n - 2 scrolls of revelation {unknown}
 o - a scroll of fog {unknown}
 v - a scroll of enchant armour {unknown}
Potions
 d - 4 potions of might
 e - a potion of berserk rage {unknown}
 h - 2 potions of curing
 i - a potion of attraction
 l - a potion of lignification
 p - a potion of magic {unknown}
 r - a potion of ambrosia {unknown}
 u - 2 potions of mutation {unknown}


   Skills:
 + Level 5.9 Fighting
 + Level 6.2 Axes
 - Level 3.3 Armour
 - Level 3.3 Shields


You had 5 spell levels left.
You didn't know any spells.
Your spell library contained the following spells:

 Spells                   Type           Power      Damage    Failure   Level
 Summon Small Mammal      Summ           0%         N/A       98%         1
 Call Canine Familiar     Summ           0%         N/A       100%        3
 Summon Guardian Golem    Hex/Summ       0%         N/A       100%        3


Dungeon Overview and Level Annotations

Branches:
Dungeon (4/15)
 Temple: D:4-7

Altars:
Uskayaw

Shops:
D:1 [*


Message History

You block the black bear's attack. The black bear claws you.
The black bear claws you but does no damage.
You closely miss the black bear.
The black bear is almost dead.
The black bear bites you!
The black bear claws you but does no damage.
You block the black bear's attack. The black bear barely misses you.
The black bear claws you. x2
A black bear is nearby!
Unknown command.
You barely miss the black bear.
The black bear is almost dead.
The black bear bites you. The black bear barely misses you.
The black bear claws you but does no damage.
The black bear bites you but does no damage.
The black bear claws you. The black bear closely misses you.
Unknown command.
You hit the black bear but do no damage.
The black bear is almost dead.
You block the black bear's attack. The black bear claws you.
* * * LOW HITPOINT WARNING * * *
The black bear claws you but does no damage.
You block the black bear's attack. The black bear completely misses you.
The black bear closely misses you.
You hit the black bear but do no damage.
The black bear is almost dead.
The black bear closely misses you.
The black bear claws you but does no damage.
The black bear claws you.
* * * LOW HITPOINT WARNING * * *
The black bear bites you.
* * * LOW HITPOINT WARNING * * *
The black bear claws you but does no damage. x2
Unknown command.
You hit the black bear.
The black bear is almost dead.
The black bear completely misses you. The black bear claws you.
* * * LOW HITPOINT WARNING * * *
The black bear claws you.
You die...

#....... ### #.#####.
##.###.### #. ####
#........###. ...
##.###.#..... ....# #.#
#.#####. ..#.# #.# #.# #. #
#.#h# # #.# #.#####.
#.#.#@#.# #.# #..^....
#.#.#.#.# #.#########.
#.......# #...## ##.
#.#.#.### #.#..#####..
##...).# ##...........
##.##.### #.....##..#..
####...#.#######...##.#.#..
+..................#..#.###
####...#.######..##..###...


You could see a black bear (berserk).

Vanquished Creatures
  2 orc wizards (D:4)
  An iguana (D:4)
  Robin (D:4)
  4 gnolls (D:3)
  3 adders
  2 worms
  2 dart slugs (D:4)
  An orc (D:3)
  3 bats
  3 endoplasms
  4 giant cockroaches
  13 goblins
  6 hobgoblins
  8 jackals (D:2)
  6 kobolds
  2 quokkas
  3 ball pythons
  6 rats
70 creatures vanquished.

Notes
Turn   | Place    | Note
-------+----------+-------------------------------------------
     0 | D:1      | zenocrate the Hill Orc Fighter began the quest for the Orb.
     0 | D:1      | Reached XP level 1. HP: 19/19 MP: 1/1
    86 | D:1      | Found Tum Vumea's Assorted Antiques.
   162 | D:1      | Found Goliseg's Armour Shoppe.
   259 | D:1      | Reached skill level 3 in Axes
   648 | D:1      | Reached XP level 2. HP: 27/27 MP: 2/2
   906 | D:2      | Reached skill level 4 in Axes
   906 | D:2      | Reached XP level 3. HP: 24/33 MP: 3/3
  1522 | D:3      | Reached XP level 4. HP: 36/41 MP: 4/4
  1526 | D:3      | Found a hide-covered altar of Uskayaw.
  1532 | D:3      | Reached skill level 5 in Axes
  1689 | D:3      | Reached skill level 5 in Fighting
  2099 | D:3      | Reached XP level 5. HP: 47/47 MP: 5/5
  2256 | D:4      | Reached skill level 6 in Axes
  2263 | D:4      | Noticed Robin
  2270 | D:4      | Killed Robin
  2271 | D:4      | Reached XP level 6. HP: 31/57 MP: 6/6
  2590 | D:4      | Noticed a black bear
  2603 | D:4      | Slain by a black bear

Illustrated notes

Levels and vault maps discovered:
D:1:      evilmike_arrival_fibonacci_small, layout_loops_ring, serial_forest,
          infiniplex_forest_lined_4_way, infiniplex_forest_fountain,
          infiniplex_forest_straight_1, infiniplex_forest_straight_2,
          infiniplex_forest_pool, serial_shops, nicolae_shop_overgrown_old_shop,
          shop, kennysheep_another_room, nrook_mini_backslash
D:2:      layout_basic, minmay_hedge_maze
D:3:      layout_basic, eat_drink_and_be_merry_uskayaw
D:4:      layout_loops_corners, minmay_statues_item, minmay_pentomino_pile,
          uniq_robin

Skill      XL: |  1  2  3  4  5 |
---------------+----------------+-----
Axes           | 3 4 5 6 |  6.2
Fighting       | 4 5 |  5.9
Armour         | |  3.3
Shields        | |  3.3

Action                     |  1- 3 |  4- 6 || total
---------------------------+-------+-------++-------
  Melee: War axe           |    89 |    81 ||   170
    Use: Scroll            |     1 |     3 ||     4
 Armour: Scale mail        |    56 |       ||    56
         Chain mail        |    11 |    89 ||   100
  Dodge: Dodged            |    33 |    29 ||    62
  Block: Buckler           |    18 |    16 ||    34

Table legend: (Time is in decaauts)
 A = Elapsed time spent in this place.
 B = Non-inter-level travel time spent in this place.
 C = Inter-level travel time spent in this place.
 D = Time resting spent in this place.
 E = Time spent auto-exploring this place.
 F = Levels seen in this place.
 G = Mean time per level.
                   A        B        C        D        E       F      G
               +--------+--------+--------+--------+--------+-----+--------+
         Total |   2655 |   2570 |     85 |      0 |   2086 |   4 |  663.8 |
       Dungeon |   2655 |   2570 |     85 |      0 |   2086 |   4 |  663.8 |
               +--------+--------+--------+--------+--------+-----+--------+

Top non-repeatable levels by time:
     D:3: 830 daAuts
     D:1: 701 daAuts
     D:2: 680 daAuts
     D:4: 442 daAuts
